 Dungeon Crawl Stone Soup version 0.31.0-11-ge490571c62 (console) character file.

Game seed: 11634430635347102030

60 AlterAsc the Shooter (level 4, -1/25 HPs)
             Began as a Gargoyle Hexslinger on Feb 7, 2024.
             Slain by an ogre
             ... wielding a +0 giant spiked club
              (26 damage)
             ... on level 3 of the Dungeon.
             The game lasted 00:02:49 (1658 turns).

AlterAsc the Shooter (Gargoyle Hexslinger)          Turns: 1658, Time: 00:02:49

Health: -1/25      AC:  6    Str: 12    XL:     4   Next: 6%
Magic:  5/5        EV: 12    Int: 13    God:
Gold:   91         SH:  0    Dex: 14    Spells: 3/5 levels left

rFire   . . .        a - +1 sling
rCold   . . .        (no shield)
rNeg    + . .        c - +0 robe
rPois   ∞            (no helmet)
rElec   +            (no cloak)
rCorr   .            j - +0 pair of gloves
SInv    +            (no boots)
Will    .....        (no amulet)
Stlth   +            i - ring of see invisible
HPRegen 0.24/turn    (no ring)
MPRegen 0.09/turn

%: no passive effects
@: no status effects
A: sickness immunity, AC +3, negative energy resistance 1, electricity
resistance, torment resistance 1, petrification resistance
a: no special abilities


You were on level 3 of the Dungeon.
You visited 1 branch of the dungeon, and saw 3 of its levels.

You collected 91 gold pieces.

Inventory:

Hand Weapons
 a - a +1 sling (weapon)
Armour
 c - a +0 robe (worn)
 j - a +0 pair of gloves (worn)
Jewellery
 i - a ring of see invisible (left hand)
Scrolls
 b - 5 scrolls of poison
 e - 2 scrolls of identify {unknown}
 h - a scroll of amnesia {unknown}
Potions
 d - a potion of might {unknown}
 f - a potion of ambrosia {unknown}
 g - a potion of invisibility {unknown}
 k - a potion of berserk rage {unknown}


   Skills:
 - Level 1.1 Fighting
 + Level 4.0 Ranged Weapons
 - Level 1.6 Dodging
 - Level 1.0 Spellcasting
 - Level 2.7 Hexes
 - Level 1.0 Fire Magic


You had 3 spell levels left.
You knew the following spells:

 Your Spells              Type           Power      Damage    Failure   Level
a - Jinxbite              Hex            14%        N/A       14%         2

Your spell library contained the following spells:

 Spells                   Type           Power      Damage    Failure   Level
 Sigil of Binding         Hex            7%         N/A       28%         3
 Inner Flame              Hex/Fire       5%         N/A       36%         3
 Cause Fear               Hex            3%         N/A       67%         4
 Dimensional Bullseye     Hex/Tloc       2%         N/A       85%         4


Dungeon Overview and Level Annotations

Branches:
Dungeon (3/15)

Altars:


Innate Abilities, Weirdness & Mutations

You are immune to sickness and miasma.
Your stone body is resilient. (AC +3)
You are immune to poison.
You resist negative energy. (rN+)
You are resistant to electric shocks. (rElec)
You are resistant to unholy torment.
You are immune to petrification.


Message History

a +0 whip; 4 stones; a kobold corpse You open the door.
A bat comes into view.
You shoot a sling bullet.
The sling bullet closely misses the bat.
The bat hits you but does no damage.
You shoot a sling bullet. The sling bullet barely misses the bat.
The bat hits you but does no damage.
You shoot a sling bullet. The sling bullet hits the bat.
You kill the bat!
No target in view!
There is an open door here.
A kobold comes into view.
It is wielding a +0 dagger and quivering poisoned darts.
You shoot a sling bullet. The sling bullet hits the kobold.
You kill the kobold!
No target in view!
Things that are here:
a +0 dagger; 3 poisoned darts; a kobold corpse You open the door.
There is an open door here.
Found a quarterstaff.
You now have 91 gold pieces (gained 16).
An ogre comes into view. It is wielding a +0 giant spiked club.
You shoot a sling bullet.
The sling bullet hits the ogre but does no damage.
The ogre shouts!
You shoot a sling bullet. The sling bullet hits the ogre.
The ogre is lightly wounded.
A bat comes into view.
You shoot a sling bullet. The sling bullet hits the bat.
You kill the bat!
You shoot a sling bullet.
The sling bullet hits the ogre but does no damage.
The ogre is lightly wounded.
You shoot a sling bullet.
The sling bullet completely misses the ogre.
You shoot a sling bullet. The sling bullet hits the ogre.
The ogre is moderately wounded.
The ogre hits you with a +0 giant spiked club!!
Ouch! That really hurt!
You die...

#.#.....# ## #.# #.#..#..#
#). #.# #....#..# #.# #.#
##.#..#.... .. #.# #.#
#######.##.# #. #.# #.#
.........#.# #. #.# #.#
#######..#.# .. #.###'#####
#######..#.# #. #.....)...#
.........#.#.##. #.........#
.........+.#...O###.........#
.........#.####.@..#........#
..####'#......+....+........#
..# #.##.#####....#........#
..# #.##.# #....#........#
######'#### ###..#....†...#
#.......# #######'#####
#.......# #.....#.# #..<....#
#####.#.# #.......# #####.#.#
#.......# #..##.#.# #####'###
#..##.#.#


You could see an ogre.

Vanquished Creatures
  An adder (D:2)
  2 dart slugs
  4 ball pythons
  7 bats
  8 endoplasms
  A giant cockroach (D:1)
  3 hobgoblins
  3 jackals (D:1)
  2 quokkas
  2 frilled lizards (D:1)
  4 goblins
  4 kobolds
  2 rats (D:2)
43 creatures vanquished.

Notes
Turn   | Place    | Note
-------+----------+-------------------------------------------
     0 | D:1      | AlterAsc the Gargoyle Hexslinger began the quest for the
                  | Orb.
     0 | D:1      | Reached XP level 1. HP: 12/12 MP: 2/2
    59 | D:1      | Reached XP level 2. HP: 16/16 MP: 3/3
    64 | D:1      | Learned a level 2 spell: Jinxbite
   249 | D:1      | Reached skill level 3 in Ranged Weapons
   314 | D:1      | Reached XP level 3. HP: 20/20 MP: 4/4
  1441 | D:3      | Reached skill level 4 in Ranged Weapons
  1441 | D:3      | Reached XP level 4. HP: 25/25 MP: 5/5
  1652 | D:3      | Noticed an ogre
  1658 | D:3      | Slain by an ogre

Illustrated notes

Levels and vault maps discovered:
D:1:      dpeg_arrival_rooms_c, layout_loops_ring
D:2:      layout_rooms
D:3:      layout_basic, minitemple

Skill      XL: |  1  2  3 |
---------------+----------+-----
Ranged Weapons | 3 4 |  4.0
Fighting       | |  1.1
Dodging        | |  1.6
Spellcasting   | |  1.0
Hexes          | |  2.7
Fire Magic     | |  1.0

Action                     |  1- 3 |  4- 6 || total
---------------------------+-------+-------++-------
   Fire: Sling             |    96 |    13 ||   109
 Armour: Robe              |    31 |     3 ||    34
  Dodge: Dodged            |    38 |     2 ||    40
